 Dungeon Crawl Stone Soup version 0.22.1-1-ga44c0e5 (webtiles) character file.

102286 miragecloak the Severer (level 16, -3/133 HPs)
             Began as a Formicid Monk on Oct 4, 2018.
             Was the Champion of the Shining One.
             Slain by a wolf spider (8 damage)
             ... on level 1 of the Spider Nest on Oct 18, 2018.
             The game lasted 01:46:51 (39103 turns).

miragecloak the Severer (Formicid Monk)            Turns: 39103, Time: 01:46:52

Health: -3/133     AC: 14    Str: 28    XL:     16   Next: 85%
Magic:  22/22      EV: 13    Int: 15    God:    the Shining One [******]
Gold:   2181       SH:  0    Dex: 13    Spells: 15/15 levels left

rFire    . . .     SeeInvis +   V - +2 war axe (freeze)
rCold    . . .     Gourm    .   m - +0 large shield
rNeg     + + +     Faith    +   L - +0 troll leather armour
rPois    .         Spirit   .   (helmet unavailable)
rElec    .         Reflect  .   D - +2 cloak
rCorr    .         Harm     .   Y - +2 pair of gloves {Str+3}
MR       ++...                  j - +0 pair of boots
Stlth    +.........             r - amulet of faith
HPRegen  0.72/turn              w - ring of protection from magic
MPRegen  0.18/turn              E - +5 ring of strength

@: confused, lethally poisoned (-3 -> -13), glowing, very slow
A: permanent stasis, dig shafts and tunnels, four strong arms, antennae 3, icy
blue scales 1, blurry vision 1, clever 1, subdued magic 1
a: Dig, Shaft Self, Divine Shield, Cleansing Flame, Summon Divine Warrior, Brand
Weapon With Holy Wrath, Renounce Religion


You were on level 1 of the Spider Nest.
You worshipped the Shining One.
The Shining One was exalted by your worship.
You were not hungry.

You visited 9 branches of the dungeon, and saw 29 of its levels.

You collected 2419 gold pieces.
You spent 238 gold pieces at shops.

Inventory:

Hand Weapons
 q - a +1 hand axe of freezing
 u - a +2 battleaxe of distortion
 v - a +0 battleaxe
 y - the +5 mace "Hellblazer" {crush, Int+4 Dex+3}
   (You found it on level 4 of the Lair of Beasts)

   It inflicts extra damage upon your enemies.
   It affects your intelligence (+4).
   It affects your dexterity (+3).
 V - a +2 war axe of freezing (weapon)
Armour
 j - a +0 pair of boots (worn)
 m - a +0 large shield (worn)
 D - a +2 cloak (worn)
 F - a +1 chain mail of positive energy
 L - a +0 troll leather armour (worn)
 Y - a +2 pair of gloves of strength (worn)
Jewellery
 r - an amulet of faith (around neck)
 w - a ring of protection from magic (left hand)
 E - a +5 ring of strength (right hand)
 N - an uncursed ring of ice
Wands
 d - a wand of flame (100)
 s - a wand of digging (48)
 x - a wand of disintegration (6)
 C - a wand of polymorph (17)
 H - a wand of paralysis (38)
 I - a wand of acid (7)
 J - a wand of scattershot (14)
 S - a wand of enslavement (13)
 U - a wand of iceblast (15)
Scrolls
 b - 7 scrolls of magic mapping
 g - 8 scrolls of enchant weapon
 h - 2 scrolls of enchant armour
 k - 7 scrolls of identify
 l - 16 scrolls of remove curse
 n - 2 scrolls of amnesia
 t - 4 scrolls of fear
 z - a scroll of noise
 A - 5 scrolls of fog
 K - 4 scrolls of immolation
 R - a scroll of summoning
 T - a scroll of silence
Potions
 e - a potion of brilliance
 f - 4 potions of mutation
 i - a potion of magic
 B - a potion of ambrosia
 G - 3 potions of might
 M - a potion of resistance
 O - 3 potions of flight
 P - 6 potions of cancellation
 Q - a potion of lignification
 W - 2 potions of agility
Comestibles
 c - 16 rations


   Skills:
 - Level 14.0 Fighting
 + Level 19.3 Axes
 - Level 6.0 Armour
 - Level 3.0 Dodging
 - Level 2.4 Stealth
 - Level 15.0 Shields
 + Level 8.8 Invocations


You had 15 spell levels left.
You didn't know any spells.
Your spell library contained the following spells:

 Spells                   Type           Power        Failure   Level  Hunger
 Confusing Touch          Hex            #.....       26%         1    ##.....
 Flame Tongue             Conj/Fire      #....        26%         1    ##.....
 Magic Dart               Conj           #...         26%         1    ##.....
 Shock                    Conj/Air       #...         26%         1    ##.....
 Searing Ray              Conj           #.....       36%         2    ###....
 Swiftness                Chrm/Air       #.......     36%         2    ###....
 Throw Flame              Conj/Fire      #.....       36%         2    ###....
 Confuse                  Hex            #.......     61%         3    ####...
 Conjure Flame            Conj/Fire      #.......     61%         3    ####...
 Dazzling Spray           Conj/Hex       #.....       61%         3    ####...
 Gell's Gravitas          Tloc           #.........   61%         3    ####...
 Inner Flame              Hex/Fire       #.......     61%         3    ####...
 Static Discharge         Conj/Air       #.......     61%         3    ####...
 Airstrike                Air            #.........   95%         4    #####..
 Force Lance              Conj/Tloc      #.......     95%         4    #####..
 Fulminant Prism          Conj/Hex       #.........   95%         4    #####..
 Iskenderun's Mystic Bla  Conj           #.......     95%         4    #####..
 Petrify                  Tmut/Erth      #.......     95%         4    #####..
 Sticky Flame             Conj/Fire      #.......     95%         4    #####..
 Fireball                 Conj/Fire      #.........   100%        5    ######.
 Lightning Bolt           Conj/Air       #.........   100%        5    ######.
 Metabolic Englaciation   Hex/Ice        #.........   100%        5    ######.
 Yara's Violent Unravell  Hex/Tmut       #.........   100%        5    ######.


Dungeon Overview and Level Annotations

Branches:
Dungeon (15/15)            Temple (1/1) D:6            Lair (6/6) D:9
 Shoals (1/4) Lair:3       Spider (1/4) Lair:4        Slime (1/5) Lair:6
    Orc (2/2) D:9             Elf (1/3) Orc:2        Vaults (0/5) D:14
 Depths (1/5) D:15

Altars:
Ashenzari
Cheibriados
Dithmenos
Elyvilon
Fedhas
Gozag
Kikubaaqudgha
Makhleb
Nemelex Xobeh
Okawaru
Qazlal
Ru
Sif Muna
Uskayaw
Wu Jian
Xom
Yredelemnul
Zin
The Shining One
Jiyva
Lugonu

Shops:
D:5 [*   D:8 ?   Orc:2 [[?:

Portals:
Hell: Depths:1

Annotations:
D:14 1 transporter
Lair:6 Snorg
Orc:1 1 transporter


Innate Abilities, Weirdness & Mutations

You cannot be hasted, slowed, berserked, paralysed or teleported.
You can dig through walls and to a lower floor.
Your four strong arms can wield two-handed weapons with a shield.
You have a pair of large antennae on your head. (SInv)
You are partially covered in icy blue scales. (AC +2)
Scrolls take you a little longer to read.
Your mind is acute. (Int +2)
Your spells are a little easier to cast, but a little less powerful.


Message History

The wolf spider is almost dead.
You barely miss the tarantella.
* * * LOW HITPOINT WARNING * * *
You feel sick. You block the tarantella's attack.
You block the wolf spider's attack. The wolf spider bites you!
* * * LOW HITPOINT WARNING * * *
You block the tarantella's attack.
You are confused.
You feel invigorated.
* * * LOW HITPOINT WARNING * * *
You feel sick. The wolf spider hits you.
* * * LOW HITPOINT WARNING * * *
The wolf spider bites you but does no damage.
The tarantella bites you but does no damage.
* * * LOW HITPOINT WARNING * * *
You feel very sick.
Your angel misses the wolf spider.
Your angel hits the wolf spider with a whip of holy wrath!
The wolf spider hits you!
You die...

... ..(#. #.
#$..≈# ..
...#≈≈# #.
......≈ .##
....≈≈###..##
#≈≈#≈≈....# ≈
#≈A@#....#
#≈≈≈#ss<.###
#≈≈≈≈#.#.....#
≈≈≈≈≈.^##...##
.≈#≈....#...#
. ##>.....###
.........#
......^#.#
....#..# ##


You could see a wolf spider, a tarantella and a friendly angel.

Vanquished Creatures
  Gastronok (Lair:3)
  An orc warlord (Orc:1)
  An ettin (D:15)
  Josephine (D:14)
  Fannar (Orc:1)
  Harold (D:10)
  6 hydras
  An anaconda (Lair:5)
  3 centaur warriors
  A two-headed ogre (shapeshifter) (D:14)
  19 two-headed ogres
  2 death knights
  6 death yaks
  4 ogre magi (Orc:2)
  A tengu warrior (D:15)
  Urug (D:13)
  A deep troll earth mage (D:15)
  Sonja (D:13)
  Nergalle (Orc:1)
  A hell knight (D:15)
  2 unseen horrors
  7 skeletal warriors
  3 orc knights
  The ghost of PeterLawrence the Basher, a novice MiFi of Okawaru (D:5)
  2 phantasmal warriors
  A harpy (shapeshifter) (D:14)
  An iron dragon zombie (D:15)
  3 ugly things
  A necromancer (D:15)
  An orc sorcerer (Orc:2)
  3 deep elf magi
  An oklob plant (Lair:3)
  2 cyclopes
  2 manticores (D:15)
  A merfolk siren (Lair:3)
  10 elephants
  3 centaur zombies
  6 black mambas
  A fire giant skeleton (D:15)
  Joseph (D:9)
  7 spiny frogs
  4 centaur skeletons
  3 gargoyles
  4 komodo dragons
  A yaktaur zombie (D:15)
  A rime drake (Lair:6)
  A freezing wraith (D:14)
  A kobold demonologist (D:12)
  2 merfolk
  A guardian mummy (D:15)
  3 polar bears
  6 trolls
  A troll (shapeshifter) (D:15)
  3 meliai
  3 jumping spiders (Lair:4)
  3 blink frogs (Lair:2)
  A hornet (D:14)
  10 slime creatures
  Grinder (D:6)
  2 dream sheep (D:10)
  7 hippogriffs
  A meliai zombie (D:15)
  A fire dragon zombie (D:15)
  An air elemental (Elf:1)
  4 redbacks (Lair:4)
  A shadow (D:13)
  A wyvern (shapeshifter) (D:14)
  19 yaks
  A tarantella (Spider:1)
  6 wraiths
  2 hogs (D:9)
  3 basilisks
  Eustachio (D:5)
  7 wyverns
  Grum (D:10)
  4 hungry ghosts
  3 wargs (Orc:1)
  Menkaure (D:4)
  7 vampire mosquitoes
  17 water moccasins
  A hornet zombie (D:15)
  12 porcupines
  8 black bears
  2 sky beasts
  A swamp drake (D:9)
  2 phantoms
  The ghost of SaintRoka the Chopper, an amateur DDCK of Xom (D:4)
  20 orc warriors
  5 ice beasts
  34 ogres
  5 necrophages
  8 centaurs
  11 crocodiles
  19 wolves
  8 big kobolds
  An elf zombie (D:14)
  26 bullfrogs
  An earth elemental (Elf:1)
  2 gnoll sergeants (D:9)
  7 scorpions
  A wyvern skeleton (D:14)
  8 killer bees
  A troll skeleton (D:14)
  2 wights (D:14)
  3 howler monkeys
  7 electric eels (D:9)
  10 crimson imps
  5 jellies
  2 bullfrog skeletons
  12 orc priests
  A hound (D:5)
  2 gnoll shamans (D:9)
  3 human zombies (D:14)
  2 iguanas
  16 orc wizards
  12 worker ants
  A killer bee zombie (D:7)
  A mummy (D:14)
  Robin (D:2)
  15 gnolls
  14 adders
  11 river rats (D:5)
  3 shadow imps
  8 oozes (D:3)
  An adder skeleton (D:9)
  A worm (D:5)
  2 dart slugs (D:2)
  52 orcs
  8 bats
  6 giant cockroaches
  16 goblins
  10 hobgoblins
  13 jackals
  7 quokkas
  2 ball pythons
  4 frilled lizards (D:4)
  26 kobolds
  19 rats
  A bush (D:9)
  3 fungi
  3 plants
741 creatures vanquished.

Vanquished Creatures (others)
  A killer bee (D:9)
  A worker ant (D:6)
  8 fungi
  10 plants
  7 toadstools (D:3)
  6 withered plants (D:15)
33 creatures vanquished.

Grand Total: 774 creatures vanquished

Notes
Turn   | Place    | Note
-------+----------+-------------------------------------------
     0 | D:1      | miragecloak the Formicid Monk began the quest for the Orb.
     0 | D:1      | Reached XP level 1. HP: 18/18 MP: 1/1
   184 | D:1      | Reached XP level 2. HP: 22/24 MP: 2/2
   681 | D:1      | Reached skill level 4 in Axes
   681 | D:1      | Reached XP level 3. HP: 18/29 MP: 3/3
  1256 | D:2      | Found a white marble altar of Elyvilon.
  1295 | D:2      | Noticed Robin
  1315 | D:2      | Killed Robin
  1661 | D:2      | Reached skill level 5 in Axes
  1661 | D:2      | Reached XP level 4. HP: 7/35 MP: 4/4
  2247 | D:2      | Reached skill level 1 in Shields
  2624 | D:3      | Reached XP level 5. HP: 41/41 MP: 5/5
  3238 | D:3      | Found a glowing silver altar of Zin.
  3239 | D:3      | Noticed an angel
  3288 | D:4      | Gained mutation: Your body sometimes deteriorates upon
                  | taking damage. [potion of mutation]
  3288 | D:4      | Lost mutation: Your body sometimes deteriorates upon taking
                  | damage. [potion of mutation]
  3288 | D:4      | Gained mutation: You occasionally shout uncontrollably at
                  | your foes. [potion of mutation]
  3288 | D:4      | Gained mutation: You evolve. [potion of mutation]
  3294 | D:4      | Reached XP level 6. HP: 22/47 MP: 6/6
  3610 | D:4      | Found a stormy altar of Qazlal.
  3626 | D:5      | Entered Level 5 of the Dungeon
  3634 | D:4      | Noticed Eustachio
  3668 | D:4      | Noticed Menkaure
  3675 | D:4      | You fall through a shaft!
  3775 | D:5      | Found a runed door.
  3781 | D:5      | Noticed PeterLawrence's ghost (novice MiFi)
  3802 | D:5      | Killed PeterLawrence's ghost
  3802 | D:5      | Reached skill level 7 in Axes
  3802 | D:5      | Reached XP level 7. HP: 15/52 MP: 7/7
  3804 | D:5      | Reached XP level 8. HP: 18/58 MP: 8/8
  4070 | D:5      | Found an iron altar of Okawaru.
  4084 | D:5      | Reached skill level 8 in Axes
  4212 | D:5      | Found Othreuc's Armour Shop.
  4458 | D:4      | Found a snail-covered altar of Cheibriados.
  4705 | D:3      | Gained mutation: You are partially covered in icy blue
                  | scales. (AC +2) [evolution]
  4861 | D:3      | Reached skill level 9 in Axes
  5167 | D:3      | Found a burning altar of Makhleb.
  5746 | D:5      | Found Daruuck's General Store.
  5754 | D:5      | Bought a scroll of fog for 28 gold pieces
  5773 | D:5      | Found a shadowy altar of Dithmenos.
  6802 | D:6      | Reached skill level 10 in Axes
  6923 | D:6      | Noticed Grinder
  6939 | D:6      | Killed Grinder
  6939 | D:6      | Reached XP level 9. HP: 31/64 MP: 9/9
  7234 | D:6      | Gained mutation: Your mind is acute. (Int +2) [evolution]
  7384 | D:6      | Found an opulent altar of Gozag.
  7416 | D:6      | Reached skill level 11 in Axes
  8071 | D:6      | Found a staircase to the Ecumenical Temple.
  8106 | Temple   | Entered the Ecumenical Temple
  8242 | Temple   | Became a worshipper of the Shining One
  8242 | Temple   | Reached * piety under the Shining One
  8242 | Temple   | Reached ** piety under the Shining One
  8739 | D:7      | Reached skill level 5 in Fighting
  8900 | D:8      | Reached XP level 10. HP: 72/76 MP: 10/10
  8962 | D:8      | Reached skill level 12 in Axes
  9214 | D:8      | Noticed a two-headed ogre
 10029 | D:7      | Reached skill level 13 in Axes
 10091 | D:7      | You fall through a shaft!
 10437 | D:8      | Found Vabod's Magic Scroll Boutique.
 10567 | D:8      | You fall through a shaft for 2 floors!
 10567 | D:10     | Entered Level 10 of the Dungeon
 10582 | D:9      | Reached XP level 11. HP: 31/95 MP: 11/11
 10624 | D:9      | Lost mutation: You occasionally shout uncontrollably at
                  | your foes. [evolution]
 11533 | D:9      | Noticed a two-headed ogre
 11534 | D:9      | Reached *** piety under the Shining One
 11990 | D:9      | You fall through a shaft for 2 floors!
 12606 | D:11     | Reached skill level 1 in Armour
 12607 | D:11     | Paralysed by fainting for 10 turns
 13348 | D:10     | Noticed Grum
 13397 | D:10     | Noticed Harold
 13405 | D:10     | You fall through a shaft for 2 floors!
 13692 | D:12     | Reached XP level 12. HP: 105/105 MP: 12/12
 14202 | D:12     | Reached skill level 14 in Axes
 14249 | D:12     | Lost mutation: You evolve. [evolution]
 14512 | D:11     | Reached **** piety under the Shining One
 14766 | D:10     | Killed Grum
 14782 | D:10     | You fall through a shaft for 3 floors!
 15514 | D:13     | Noticed Urug
 15828 | D:9      | Reached skill level 1 in Invocations
 15883 | D:9      | You fall through a shaft for 2 floors!
 15963 | D:9      | Noticed an unseen horror
 15974 | D:9      | Killed an unseen horror
 16086 | D:9      | Found a staircase to the Orcish Mines.
 16104 | Orc:1    | Entered Level 1 of the Orcish Mines
 16126 | Orc:1    | Noticed Nergalle
 16182 | D:10     | Noticed a two-headed ogre
 16260 | D:9      | Reached skill level 5 in Invocations
 16557 | D:9      | Noticed Joseph
 16580 | D:9      | Killed Joseph
 17428 | D:4      | Noticed SaintRoka's ghost (amateur DDCK)
 17742 | D:4      | Found a runed gate.
 17742 | D:4      | Found a runed gate.
 17743 | D:4      | Found a runed gate.
 17886 | D:4      | Killed Menkaure
 17971 | D:4      | Killed SaintRoka's ghost
 18504 | D:10     | You fall through a shaft for 3 floors!
 18676 | D:13     | Found a shattered altar of Ashenzari.
 18752 | D:13     | Noticed a two-headed ogre
 18894 | D:14     | Reached skill level 15 in Axes
 18894 | D:14     | Reached XP level 13. HP: 80/111 MP: 18/18
 18969 | D:14     | Found a gate to the Vaults.
 19067 | D:14     | Noticed a centaur warrior
 19076 | D:14     | Killed a centaur warrior
 19132 | D:13     | Noticed Sonja
 19143 | D:13     | Killed Sonja
 19676 | D:13     | Reached skill level 16 in Axes
 19931 | D:13     | Noticed a centaur warrior
 19941 | D:13     | Killed a centaur warrior
 19941 | D:13     | Reached skill level 5 in Shields
 20137 | D:15     | Entered Level 15 of the Dungeon
 20504 | D:14     | Found a transporter.
 20511 | D:14     | Found a corrupted altar of Lugonu.
 20597 | D:15     | Noticed Josephine
 20597 | D:15     | Reached ***** piety under the Shining One
 20605 | D:14     | Killed Josephine
 20911 | D:10     | Noticed a three-headed hydra
 21247 | D:9      | Found a hide-covered altar of Uskayaw.
 21252 | D:9      | Found a staircase to the Lair.
 21265 | Lair:1   | Entered Level 1 of the Lair of Beasts
 22400 | Lair:2   | Reached skill level 10 in Shields
 22404 | Lair:2   | Noticed a four-headed hydra
 22515 | Lair:2   | Noticed a four-headed hydra
 22681 | Lair:2   | Reached XP level 14. HP: 87/118 MP: 19/19
 22743 | Lair:2   | You fall through a shaft for 2 floors!
 23597 | Lair:3   | Noticed Gastronok
 23698 | Lair:3   | Found a staircase to the Shoals.
 24102 | Orc:1    | Killed Nergalle
 24203 | Orc:1    | Noticed Fannar
 24226 | Orc:1    | Killed Fannar
 24280 | Orc:1    | Found a transporter.
 24390 | Orc:1    | Reached skill level 17 in Axes
 24555 | D:10     | Killed Harold
 25934 | Orc:2    | Entered Level 2 of the Orcish Mines
 25998 | Orc:2    | Noticed an orc warlord
 27008 | Lair:2   | Reached skill level 18 in Axes
 27417 | Lair:4   | Got a sapphire mace
 27418 | Lair:4   | Identified the +5 mace "Hellblazer" {crush, Int+4 Dex+3}
                  | (You found it on level 4 of the Lair of Beasts)
 27601 | Lair:4   | Found a hole to the Spider Nest.
 28269 | Lair:5   | Reached XP level 15. HP: 33/123 MP: 20/20
 29228 | Lair:6   | Entered Level 6 of the Lair of Beasts
 29392 | Lair:6   | Noticed Snorg
 29472 | Lair:6   | Reached ****** piety under the Shining One
 29625 | Lair:6   | Found a viscous altar of Jiyva.
 29626 | Lair:6   | Found a staircase to the Slime Pits.
 29631 | Slime:1  | Entered Level 1 of the Pits of Slime
 29652 | Slime:1  | Gained mutation: Your spells are a little easier to cast,
                  | but a little less powerful. [a shining eye]
 29653 | Slime:1  | Gained mutation: Scrolls take you a little longer to read.
                  | [a shining eye]
 31776 | Lair:3   | Killed Gastronok
 32313 | Shoals:1 | Entered Level 1 of the Shoals
 33081 | D:5      | Killed Eustachio
 33280 | D:8      | Reached skill level 15 in Shields
 33671 | D:13     | Killed Urug
 33850 | D:14     | Found a basalt altar of Yredelemnul.
 34965 | D:15     | Reached XP level 16. HP: 100/130 MP: 21/21
 35613 | D:15     | Found a staircase to the Depths.
 35837 | D:14     | Reached skill level 19 in Axes
 36860 | Depths:1 | Entered Level 1 of the Depths
 36860 | Depths:1 | Found a gateway to Hell.
 37196 | Orc:2    | Reached skill level 5 in Armour
 37597 | Orc:2    | Found Waaph's Book Shop.
 37597 | Orc:2    | Found Hoirph's Magic Scroll Emporium.
 37599 | Orc:2    | Found Olohischonic's Armour Emporium.
 37599 | Orc:2    | Found Fott's Antique Armour Boutique.
 37622 | Orc:2    | Bought a pair of runed gloves for 210 gold pieces
 38231 | Orc:2    | Found a staircase to the Elven Halls.
 38602 | Elf:1    | Entered Level 1 of the Elven Halls
 39070 | Spider:1 | Entered Level 1 of the Spider Nest
 39101 | Spider:1 | HP: 4/133 [wolf spider (9)]
 39103 | Spider:1 | Slain by a wolf spider

Skill      XL: |  1  2  3  4  5  6  7  8  9 10 11 12 13 14 15 16 |
---------------+-------------------------------------------------+-----
Axes           | 4 5 7 10 11 13 15 16 18 19 | 19.3
Shields        | 1 4 10 11 15 | 15.0
Fighting       | 6 12 13 14 | 14.0
Armour         | 3 6 |  6.0
Invocations    | 7 8 |  8.8
Dodging        | 3 |  3.0
Stealth        | |  2.4

Action                   |  1- 3 |  4- 6 |  7- 9 | 10-12 | 13-15 | 16-18 || total
-------------------------+-------+-------+-------+-------+-------+-------++-------
Melee: Hand axe          |   117 |    25 |   119 |   273 |    25 |       ||   559
       Short sword       |       |    31 |       |       |       |       ||    31
       Flail             |       |    65 |   324 |    12 |    36 |       ||   437
       Broad axe         |       |       |       |   345 |   370 |       ||   715
       Dire flail        |       |       |       |    14 |       |       ||    14
       Battleaxe         |       |       |       |       |   278 |   150 ||   428
       Mace              |       |       |       |       |   614 |    77 ||   691
       War axe           |       |       |       |       |       |   203 ||   203
Invok: Divine Shield     |       |       |       |     6 |    15 |     2 ||    23
       Summon Divine War |       |       |       |       |       |     1 ||     1
 Abil: Dig               |     3 |       |       |     9 |    28 |     1 ||    41
       Shaft Self        |       |       |       |     9 |     1 |       ||    10
Evoke: Wand              |       |       |       |     1 |       |       ||     1
  Use: Potion            |       |     5 |     1 |    12 |     7 |     3 ||    28
       Scroll            |       |       |     4 |     3 |     9 |     5 ||    21
 Stab: Sleeping          |     1 |     7 |     1 |       |       |       ||     9
  Eat: Chunk             |     3 |     5 |     8 |    25 |    25 |     5 ||    71
       Ration            |       |       |     3 |     5 |     9 |     3 ||    20
Armor: Robe              |    28 |     2 |       |       |       |       ||    30
       Leather armour    |       |    18 |   121 |    99 |       |       ||   238
       Skin              |       |     3 |     2 |       |       |       ||     5
       Troll leather arm |       |       |       |    75 |   281 |    54 ||   410
Dodge: Dodged            |   100 |    56 |   225 |   308 |   450 |    91 ||  1230
Block: Buckler           |       |    19 |   101 |   131 |   222 |       ||   473
       Large shield      |       |       |       |       |   493 |   313 ||   806
